[Event "Late-Titled-Tuesday-Blitz-November-28-2023"]
[Site "Chess.com"]
[Date "2023.11.28"]
[Round "4"]
[White "SalihEke"]
[Black "kingofthenil"]
[Result "1-0"]
[WhiteElo "2480"]
[BlackElo "2690"]
[TimeControl "180+1"]
[EndTime "14:39:34 PST"]
[Termination "SalihEke won on time"]

1. d4 Nf6 2. Nf3 e6 3. Bf4 c5 4. c3 Qb6 5. Qb3 Qxb3 6. axb3 cxd4 7. Nxd4 Nd5 8. Bxb8 Rxb8 9. Rxa7 Bc5 10. Ra1 O-O 11.
e3 Bb6 12. Bd3 Nf6 13. Nd2 d5 14. O-O e5 15. Nb5 Bd7 16. Rfd1 h5 17. h3 Rfd8 18. Bf1 h4 19. Nf3 e4 20. Nfd4 g5 21. Be2 Ra8 22. b4 Kf8 23. Nb3 Ke7 24. Nc5 Bxb5 25. Bxb5 Rab8 26. Rd2 g4 27. hxg4 Nxg4 28. Rad1 Nf6 29.
Nb3 Rg8 30. Kf1 Rg5 31. Nd4 Rbg8 32. f4 exf3 33. Nxf3 Rg4 34. Rxd5 Nxd5 35. Rxd5 Rxg2 36. Nxh4 Rxb2 37. Nf5+ Kf6 38. Bc4 Bc7 39. Nd4 Be5 40. Rd7 Rg7 41. Rxb7 Rh7 42. Bd5 Bg3 43. b5 Rg7 44.
Nf3 Rf2+ 45. Ke1 Rxf3+ 46. Ke2 Rf2+ 47. Kd3 Ke5 48. c4 Rb2 49. Re7+ Kd6 50. Rb7 Be5 51.
Bxf7 Rg4 52. Rb6+ Kc5 53. Rc6+ Kb4 54. Bd5 Rb3+ 55. Ke2 Rh4 56. Kf3 Rb1 57. b6 Rf1+ 58.
Ke2 Rb1 59. b7 Kc3 60. Re6 Rh2+ 61. Kf3 Bb8 62. Re8 Ba7 63. e4 Rf2+ 64. Kg4 Rg1+ 65. Kh3 Rc1 66. e5 Re2 67. e6 Re3+ 68. Kg4 Bb8 69. Kf5 Rf1+ 70. Kg4 Rg3+ 71. Kh4 Rf2 72. Rxb8 Rg7 73. Kh3 Rf6 74. Rh8 Rxb7 75. Bxb7 Rxe6 76. Bd5 Rg6 77. Rh4 Kb4 78. Rg4 Rf6 79. Kg3 Rf1 80. Rf4 Re1 81. Kg4 Kc5 82. Kf5 Kd6 83. Re4 Rf1+ 84.
Rf4 Re1 85. Rf3 Re5+ 86. Kf4 Rh5 87. Re3 Rh4+ 88. Kf3 Kc5 89. Ke2 Rd4 90. Rd3 Rg4 91.
Kd2 Kb4 92. Be6 Re4 93. Rd6 Kc5 94. Ra6 Rh4 95. Kd3 Rf4 96. Bd5 Rg4 97. Rc6+ Kb4 98.
Rc8 1-0

[Event "Late-Titled-Tuesday-Blitz-November-28-2023"]
[Site "Chess.com"]
[Date "2023.11.28"]
[Round "4"]
[White "JackRodgers"]
[Black "joppie2"]
[Result "0-1"]
[WhiteElo "2568"]
[BlackElo "2993"]
[TimeControl "180+1"]
[EndTime "14:39:48 PST"]
[Termination "joppie2 won by checkmate"]

1. d4 Nf6 2. Bg5 d5 3. Bxf6 gxf6 4.
e3 c5 5. dxc5 e6 6. c4 dxc4 7.
Qxd8+ Kxd8 8. Bxc4 Bxc5 9. Nc3 Ke7 10. Nf3 Nd7 11. Ke2 f5 12. Rac1 a6 13. a3 b5 14.
Bd3 Bb7 15. b4 Bb6 16. e4 Rhg8 17. Rhg1 Kf6 18. exf5 exf5 19. a4 Rg4 20. axb5 axb5 21. Bxb5 Rxb4 22. Bxd7 Rb2+ 23. Nd2 Ba6+ 24. Bb5 Rxb5 25.
Nxb5 Bxb5+ 26. Nc4 Ra2+ 27. Kd3 Bxf2 28. Rgf1 Bh4 29. g4 Bd7 30. Nd6 Ke5 31. Nc4+ Kf6 32.
Nd6 Ke6 33. Nxf5 Bb5+ 34. Ke4 Bxf1 35. Nd4+ Ke7 36. Rxf1 Rxh2 37. Ra1 Bf2 38. Nf5+ Kd7 39. Ra6 Bc5 40. Rf6 Ke8 41. Rh6 Rxh6 42. Nxh6 Ke7 43. Kf5 Be3 44. Ng8+ Kf8 45. Nf6 h6 46. Nd7+ Kg7 47.
Ne5 Bg5 48. Nf3 Bf6 49. Nd2 Bd8 50. Ne4 Be7 51. Nd2 Bb4 52. Ne4 Ba5 53. Ng3 Kf8 54.
Ne4 Be1 55. Nf6 Ke7 56. Ne4 Bh4 57. Nc5 Kd6 58. Ne4+ Kd5 59. Nc3+ Kd4 60. Ne4 Be7 61. Ng3 Ke3 62. Ne4 Kf3 63. Nc3 Bf8 64. Nd5 Bb4 65.
Nf6 Bf8 66. Nd7 Bg7 67. Nc5 Ke3 68. Ne4 Bf8 69. Nf6 Kd4 70. Ne4 Be7 71. Ng3 Bd8 72.
Ne4 Bc7 73. Nf6 Be5 74. Ng8 Bg7 75. Ne7 Kc5 76. Ke4 Bf8 77. Nf5 Kc6 78. Ne3 Kd6 79. Kf5 Bg7 80. Nc4+ Kd5 81. Ne3+ Kd4 82. Ng2 Be5 83.
g5 h5 84. Nh4 Bg3 85. Nf3+ Ke3 86. Ng1 Kf2 87. Nh3+ Kg2 88. Nf4+ Bxf4 89. Kxf4 h4 90.
Kf5 h3 91. Kf6 h2 92. Kxf7 h1=Q 93. g6 Qf1+ 94. Kg8 Qc4+ 95. Kh7 Qe4 96. Kh8 Qh4+ 97. Kg8 Qf6 98. g7 Kg3 99. Kh7 Qf7 100. Kh8 Qh5+ 101. Kg8 Kf4 102. Kf8 Qf5+ 103. Ke7 Qg6 104. Kf8 Qf6+ 105. Kg8 Kg5 106. Kh7 Qe7 107. Kh8 Qe5 108. Kh7 Qf5+ 109. Kh8 Qh3+ 110. Kg8 Kf6 111. Kf8 Qc8# 0-1

[Event "Late-Titled-Tuesday-Blitz-November-28-2023"]
[Site "Chess.com"]
[Date "2023.11.28"]
[Round "4"]
[White "Harry_Rakkel"]
[Black "KVAIDAN"]
[Result "1-0"]
[WhiteElo "2669"]
[BlackElo "2370"]
[TimeControl "180+1"]
[EndTime "14:40:21 PST"]
[Termination "Harry_Rakkel won by checkmate"]

1. e4 e5 2. Nf3 d5 3. exd5 e4 4. Qe2 Nf6 5. Nc3 Be7 6. Nxe4 Nxd5 7. d3 O-O 8. Qd1 Re8 9. Be2 f5 10. Nc3 Bb4 11. Bd2 Bxc3 12. bxc3 Qe7 13. c4 Nf6 14. Bg5 Nbd7 15. Rb1 h6 16. Bf4 b6 17. Bxc7 Bb7 18.
Kf1 Nc5 19. Bf4 Ne6 20. Bd2 Nc5 21. h3 Rad8 22. Ne1 g5 23. Bf3 f4 24. Bxb7 Nxb7 25. Bc3 Ne4 26. Ba1 Nbc5 27. Kg1 Na4 28. Rb3 Nec3 29.
Bxc3 Nxc3 30. Rxc3 Qxe1+ 31. Qxe1 Rxe1+ 32. Kh2 Re2 33. Rf1 Rd4 34. c5 bxc5 35. Rxc5 Ra4 36.
Kg1 Rxa2 37. Rc1 a5 38. Kf1 Re6 39. d4 a4 40. d5 Rd6 41. c4 a3 42. Ra5 g4 43.
hxg4 h5 44. gxh5 Kh7 45. Rd1 Rc2 46. c5 Rd8 47. c6 Rxc6 48. Rxa3 Rcd6 49. Rad3 Kh6 50.
Ke2 Kxh5 51. Kf3 Kg5 52. Rd4 Kf5 53. Rxf4+ Ke5 54. Re4+ Kf5 55. Red4 Ke5 56. Re4+ Kf5 57. Re3 Rxd5 58. g4+ Kg5 59. Rxd5+ Rxd5 60. Kg3 Ra5 61.
f4+ Kf6 62. Kh4 Ra1 63. Rh3 Rf1 64. Kg3 Rg1+ 65. Kf3 Rf1+ 66. Ke4 Re1+ 67. Re3 Ra1 68. Kf3 Rf1+ 69. Kg3 Rg1+ 70. Kh3 Rh1+ 71. Kg2 Rb1 72.
Ra3 Rb4 73. Kg3 Rb6 74. Kh4 Rc6 75. Ra5 Rb6 76. Kh5 Rc6 77. g5+ Ke6 78. f5+ Ke7 79. f6+ Kf7 80. Ra7+ Ke6 81. Re7+ Kf5 82. Re1 Rc8 83. Rf1+ Ke6 84. Kg6 Rg8+ 85. Kh7 Kf7 86.
Rf5 Rg6 87. Ra5 Rxg5 88. Rxg5 Kxf6 89. Rg6+ Kf5 90. Kg7 Ke5 91. Rf6 Kd5 92. Kg6 Ke5 93.
Kg5 Ke4 94. Rf5 Kd4 95. Kf4 Kc4 96. Re5 Kd4 97. Kf5 Kc4 98. Ke4 Kb4 99. Rd5 Kc4 100.
Ke5 Kb4 101. Kd4 Kb3 102. Rc5 Kb4 103. Kd5 Kb3 104. Rc4 Kb2 105. Kc5 Kb3 106. Kd4 Kb2 107. Rc3 Kb1 108. Kd3 Kb2 109. Kc4 Ka2 110. Rc2+ Kb1 111. Kb3 Ka1 112. Rc1# 1-0

[Event "Late-Titled-Tuesday-Blitz-November-28-2023"]
[Site "Chess.com"]
[Date "2023.11.28"]
[Round "5"]
[White "EvilMorty23"]
[Black "GHANDEEVAM2003"]
[Result "0-1"]
[WhiteElo "2485"]
[BlackElo "3115"]
[TimeControl "180+1"]
[EndTime "14:48:07 PST"]
[Termination "GHANDEEVAM2003 won by resignation"]

1. e4 g6 2. d4 Bg7 3. Nc3 d6 4. f4 a6 5. a4 Nc6 6. Be3 Nf6 7. Be2 d5 8. e5 Ne4 9. Bf3 Nxc3 10. bxc3 Na5 11.
Ne2 Nc4 12. Bc1 h5 13. O-O c6 14. Rb1 b5 15. axb5 axb5 16. Re1 Ra2 17. Ng3 Qa5 18. Qd3 h4 19. Nf1 Bf5 20. Qd1 Bxc2 0-1

[Event "Late-Titled-Tuesday-Blitz-November-28-2023"]
[Site "Chess.com"]
[Date "2023.11.28"]
[Round "5"]
[White "Oleksandr_Bortnyk"]
[Black "Dinamo81"]
[Result "1-0"]
[WhiteElo "3054"]
[BlackElo "2716"]
[TimeControl "180+1"]
[EndTime "14:49:10 PST"]
[Termination "Oleksandr_Bortnyk won by resignation"]

1. e4 c5 2. c3 Nf6 3. e5 Nd5 4. d4 cxd4 5. Nf3 d6 6. cxd4 Nc6 7. Bc4 Nb6 8. Bb5 Bd7 9. Nc3 dxe5 10. d5 Nd4 11.
Bxd7+ Qxd7 12. Nxe5 1-0

[Event "Late-Titled-Tuesday-Blitz-November-28-2023"]
[Site "Chess.com"]
[Date "2023.11.28"]
[Round "5"]
[White "TheCavemanChess"]
[Black "djano"]
[Result "0-1"]
[WhiteElo "2709"]
[BlackElo "2584"]
[TimeControl "180+1"]
[EndTime "14:49:23 PST"]
[Termination "djano won by resignation"]

1. c4 e6 2. Nc3 d5 3. d4 c5 4. cxd5 cxd4 5. Qxd4 exd5 6. Nf3 Nf6 7. Bd2 Nc6 8. Qa4 d4 9. Nb5 Bc5 10. Rc1 Bb6 11.
Bb4 Nxb4 12. Nc7+ Kf8 13. Nxa8 Ba5 14. Nd2 Ne4 15. Nxe4 Nd3+ 16. Kd1 Nxb2+ 17. Kc2 Nxa4 0-1

[Event "Late-Titled-Tuesday-Blitz-November-28-2023"]
[Site "Chess.com"]
[Date "2023.11.28"]
[Round "5"]
[White "PapaieDudu"]
[Black "Zorbos"]
[Result "1-0"]
[WhiteElo "2420"]
[BlackElo "2556"]
[TimeControl "180+1"]
[EndTime "14:49:39 PST"]
[Termination "PapaieDudu won by resignation"]

1. e4 e5 2. Nf3 Nc6 3. Bb5 a6 4. Ba4 Nf6 5. d3 Be7 6. O-O d6 7. h3 O-O 8. Re1 Re8 9. c3 Bf8 10. Nbd2 h6 11. Qe2 Be6 12. d4 b5 13. Bc2 exd4 14.
cxd4 Nb4 15. Bb1 d5 16. e5 Nd7 17. a3 Nc6 18. Qd3 g6 19. Nf1 Bf5 20. Qe3 Bxb1 21. Rxb1 Bg7 22. N1h2 Nf8 23. Ng4 h5 24. Nh6+ Bxh6 25. Qxh6 1-0

[Event "Late-Titled-Tuesday-Blitz-November-28-2023"]
[Site "Chess.com"]
[Date "2023.11.28"]
[Round "5"]
[White "Alexei_Gubajdullin"]
[Black "SergioMoralesG"]
[Result "1-0"]
[WhiteElo "2665"]
[BlackElo "2364"]
[TimeControl "180+1"]
[EndTime "14:49:45 PST"]
[Termination "Alexei_Gubajdullin won by resignation"]

1. d4 d5 2. Nf3 Nf6 3. Bf4 c5 4. e3 e6 5. Nbd2 Bd6 6. Bg3 O-O 7. c3 Qc7 8. dxc5 Qxc5 9. b4 Qc7 10. c4 dxc4 11.
Bxc4 Nc6 12. Qb1 e5 13. b5 Ne7 14. Bd3 Bg4 15. Ng5 h6 16. Nge4 Nxe4 17. Nxe4 Bb4+ 18. Qxb4 1-0

[Event "Late-Titled-Tuesday-Blitz-November-28-2023"]
[Site "Chess.com"]
[Date "2023.11.28"]
[Round "5"]
[White "Rodalquilar"]
[Black "qeeqer"]
[Result "1-0"]
[WhiteElo "2748"]
[BlackElo "2582"]
[TimeControl "180+1"]
[EndTime "14:49:57 PST"]
[Termination "Rodalquilar won by resignation"]

1. d4 e6 2. Nf3 b6 3. e4 Bb7 4.
Bd3 Nf6 5. Qe2 Be7 6. e5 Nd5 7.
c4 Nb4 8. Be4 Bxe4 9. Qxe4 N8a6 10. a3 Nc6 11. b4 f5 12. Qe2 Nab8 13. d5 1-0

[Event "Late-Titled-Tuesday-Blitz-November-28-2023"]
[Site "Chess.com"]
[Date "2023.11.28"]
[Round "5"]
[White "Msb2"]
[Black "The_Machine04"]
[Result "1-0"]
[WhiteElo "3028"]
[BlackElo "2670"]
[TimeControl "180+1"]
[EndTime "14:50:12 PST"]
[Termination "Msb2 won by resignation"]

1. d4 d5 2. c4 e6 3. Nc3 Nf6 4.
cxd5 exd5 5. Bg5 Be7 6. e3 c6 7. Bd3 Nbd7 8. h3 h6 9. Bf4 Nb6 10. Nf3 Bd6 11. Ne5 Be6 12. Bg3 Qe7 13. O-O O-O 14.
f4 Nc4 15. Qe2 c5 16. f5 Bd7 17. Nxd5 Nxd5 18. Bxc4 Nf6 19. Ng6 Qe4 20. Bxd6 1-0

[Event "Late-Titled-Tuesday-Blitz-November-28-2023"]
[Site "Chess.com"]
[Date "2023.11.28"]
[Round "5"]
[White "Abduzhaparov"]
[Black "SnekkerAndersen"]
[Result "1-0"]
[WhiteElo "2420"]
[BlackElo "2552"]
[TimeControl "180+1"]
[EndTime "14:50:16 PST"]
[Termination "Abduzhaparov won by resignation"]

1. Nf3 d5 2. c4 e6 3. g3 Nf6 4. Bg2 Be7 5. d4 O-O 6. Qc2 dxc4 7. Nbd2 Nc6 8. Nxc4 Nxd4 9. Nxd4 Qxd4 10. O-O Nd5 11. a3 Bd7 12. Rd1 Qf6 13. e4 Qg6 14. Ne5 Qh5 15. Nxd7 Rfd8 16. exd5 Rxd7 17. Bf4 exd5 18. Qb3 c6 19. Re1 Bf6 20. Rad1 h6 21. Qf3 Qg6 22. Bh3 Rdd8 23. Bc7 Re8 24. Rxe8+ Rxe8 25. Bf5 Qg5 26. h4 1-0

[Event "Late-Titled-Tuesday-Blitz-November-28-2023"]
[Site "Chess.com"]
[Date "2023.11.28"]
[Round "5"]
[White "liwadas82"]
[Black "miraitrunks"]
[Result "1-0"]
[WhiteElo "2370"]
[BlackElo "2042"]
[TimeControl "180+1"]
[EndTime "14:50:26 PST"]
[Termination "liwadas82 won by resignation"]

1. e4 c5 2. Nf3 Nc6 3. d4 cxd4 4. Nxd4 e5 5. Nb5 a6 6. Nd6+ Bxd6 7. Qxd6 Qf6 8. Qc7 Nge7 9. Bd3 O-O 10. Nc3 b5 11. Qb6 Qg6 12. O-O Rb8 13. Qe3 Nb4 14. f4 Nxd3 15. cxd3 exf4 16. Qxf4 Bb7 17. Be3 b4 18. Na4 Rfc8 19. Nb6 Rc6 20. Nxd7 Rd8 21. Ne5 1-0

[Event "Late-Titled-Tuesday-Blitz-November-28-2023"]
[Site "Chess.com"]
[Date "2023.11.28"]
[Round "5"]
[White "Cristi_Coca"]
[Black "TanitoluwaAps116"]
[Result "0-1"]
[WhiteElo "2459"]
[BlackElo "2693"]
[TimeControl "180+1"]
[EndTime "14:50:38 PST"]
[Termination "TanitoluwaAps116 won by resignation"]

1. e4 c5 2. c3 Nf6 3. e5 Nd5 4. Nf3 Nc6 5. Bc4 e6 6. d4 cxd4 7. cxd4 d6 8. O-O Be7 9. Qe2 O-O 10. Qe4 Qc7 11. Bb3 Bd7 12. Rd1 Rad8 13. Nc3 Nxc3 14. bxc3 dxe5 15. dxe5 Na5 16. Bc2 g6 17. Bh6 Rfe8 18.
Qf4 Bc6 19. Ng5 Rxd1+ 20. Rxd1 f6 21. exf6 Qxf4 22. fxe7 Qh4 23. Bf8 0-1

[Event "Late-Titled-Tuesday-Blitz-November-28-2023"]
[Site "Chess.com"]
[Date "2023.11.28"]
[Round "5"]
[White "campochess"]
[Black "MathiasWomacka"]
[Result "0-1"]
[WhiteElo "2195"]
[BlackElo "2524"]
[TimeControl "180+1"]
[EndTime "14:50:55 PST"]
[Termination "MathiasWomacka won by resignation"]

1. e4 c5 2. Nc3 Nc6 3. g3 g6 4. Bg2 Bg7 5. Nge2 d6 6. d3 e5 7. O-O Nge7 8. Rb1 O-O 9. a3 Be6 10. b4 b6 11. h3 Rc8 12. Bg5 Qd7 13. Bxe7 Nxe7 14. Nd5 Nxd5 15. exd5 Bxh3 16. Bxh3 Qxh3 17. c4 h5 18. Nc3 h4 19. Qf3 hxg3 20. Qxg3 Qxg3+ 21. fxg3 f5 22. Nb5 e4 23. dxe4 fxe4 24. Rxf8+ Rxf8 25. Nxa7 Bd4+ 26. Kg2 Rf2+ 27. Kh3 e3 28. Nb5 Be5 29.
bxc5 bxc5 30. Nc7 e2 31. Ne6 Rf1 32. Rb8+ Kf7 33. Ng5+ Ke7 34. Rb7+ Kd8 35. Ne6+ Kc8 0-1

[Event "Late-Titled-Tuesday-Blitz-November-28-2023"]
[Site "Chess.com"]
[Date "2023.11.28"]
[Round "5"]
[White "Romadk"]
[Black "reevecanada"]
[Result "0-1"]
[WhiteElo "2446"]
[BlackElo "2638"]
[TimeControl "180+1"]
[EndTime "14:50:58 PST"]
[Termination "reevecanada won by checkmate"]

1. d4 e5 2. e4 exd4 3. c3 dxc3 4. Bc4 cxb2 5. Bxb2 d6 6. Nf3 Be6 7. Bxe6 fxe6 8. Qb3 Qd7 9. Qxb7 Qc6 10. Qc8+ Ke7 11.
Ng5 Nd7 12. Qxa8 Qxa8 13. O-O h6 14. Nf3 Ngf6 15. Nh4 Kf7 16. f4 Qxe4 17. Nc3 Qe3+ 18. Kh1 Qb6 19. Rab1 Qa6 20. f5 Ne5 21. fxe6+ Kxe6 22. Nf5 g6 23. Ne3 Bg7 24. a4 Nfg4 25. Ned5 Qc4 26. h3 c6 27. Nf4+ Kd7 28. Ba1 Kc8 29.
Rfc1 Nf2+ 30. Kg1 Qxf4 31. Nd5 Nxh3+ 32. gxh3 Qg3+ 33. Kh1 Qf3+ 34. Kg1 Qxd5 35. Re1 Nf3+ 36. Kf2 Bxa1 37. Red1 Bd4+ 38. Ke2 Qe4+ 39. Kf1 Nh2# 0-1

[Event "Late-Titled-Tuesday-Blitz-November-28-2023"]
[Site "Chess.com"]
[Date "2023.11.28"]
[Round "5"]
[White "GMForgacs"]
[Black "expii"]
[Result "1-0"]
[WhiteElo "2461"]
[BlackElo "2239"]
[TimeControl "180+1"]
[EndTime "14:51:01 PST"]
[Termination "GMForgacs won by resignation"]

1. a3 d5 2. Nf3 Nf6 3. g3 c5 4.
Bg2 Nc6 5. O-O d4 6. d3 e5 7. e4 dxe3 8. fxe3 e4 9. Ng5 exd3 10. cxd3 Be7 11. Nc3 O-O 12. e4 h6 13. Nf3 Bg4 14. Be3 Bxf3 15. Bxf3 Ne5 16. Be2 Nc6 17. Qd2 Nd4 18.
Rae1 b5 19. Bd1 b4 20. axb4 cxb4 21. Ne2 Nxe2+ 22. Qxe2 Qa5 23. Bb3 Bc5 24. d4 Bb6 25.
e5 Nd7 26. Qg4 1-0

[Event "Late-Titled-Tuesday-Blitz-November-28-2023"]
[Site "Chess.com"]
[Date "2023.11.28"]
[Round "5"]
[White "ChessSwole"]
[Black "Haykoooo0o"]
[Result "1-0"]
[WhiteElo "2681"]
[BlackElo "2431"]
[TimeControl "180+1"]
[EndTime "14:51:04 PST"]
[Termination "ChessSwole won by resignation"]

1. e4 c6 2. d4 d5 3. e5 c5 4. dxc5 e6 5. a3 Bxc5 6. Qg4 Ne7 7. b4 Bb6 8. Nf3 Nf5 9. Bd3 O-O 10. O-O Nc6 11. Bb2 Nce7 12. Nbd2 Bd7 13. Rad1 Qe8 14.
c4 Rc8 15. c5 Bc7 16. Rfe1 Bb5 17. Bb1 a5 18. Nd4 Nxd4 19. Bxd4 axb4 20. axb4 Nc6 21.
Bb2 b6 22. Nf3 bxc5 23. Bxh7+ Kxh7 24. Qh5+ Kg8 25. Ng5 Bd3 26. Rxd3 1-0

[Event "Late-Titled-Tuesday-Blitz-November-28-2023"]
[Site "Chess.com"]
[Date "2023.11.28"]
[Round "5"]
[White "LastHeroJr"]
[Black "Cidonka"]
[Result "0-1"]
[WhiteElo "2421"]
[BlackElo "2288"]
[TimeControl "180+1"]
[EndTime "14:51:05 PST"]
[Termination "Cidonka won by resignation"]

1. e4 c6 2. d4 d5 3. exd5 cxd5 4. c3 Nc6 5. Nf3 Nf6 6. Bd3 Bg4 7. O-O e6 8. Bg5 Bd6 9. Nbd2 O-O 10. Qc2 h6 11.
Bh4 Rc8 12. a3 Bb8 13. h3 Bxf3 14. Nxf3 a6 15. Rfe1 Ne7 16. Bxf6 gxf6 17. Qd2 Kg7 18. Bc2 f5 19. Ne5 Qd6 20. Qe3 Ng6 21. Nxg6 fxg6 22.
Kf1 Rfe8 23. Qf3 b5 24. Re5 Qd7 25. Re3 a5 26. Rae1 b4 27. axb4 axb4 28. Qd1 Qd6 29. Ba4 Re7 30. Qf3 Qa6+ 31. c4 dxc4 32. b3 cxb3+ 33. Qe2 Qxa4 34. Rxe6 Rxe6 35. Qxe6 Rf8 36.
Qd7+ Qxd7 0-1

[Event "Late-Titled-Tuesday-Blitz-November-28-2023"]
[Site "Chess.com"]
[Date "2023.11.28"]
[Round "5"]
[White "bazar-wokzal"]
[Black "ElephantChessGenius"]
[Result "1-0"]
[WhiteElo "2633"]
[BlackElo "2251"]
[TimeControl "180+1"]
[EndTime "14:51:28 PST"]
[Termination "bazar-wokzal won by resignation"]

1. e4 c5 2. c3 Nf6 3. e5 Nd5 4. d4 cxd4 5. cxd4 d6 6. Bc4 dxe5 7. dxe5 Be6 8. Nc3 Nxc3 9. Qxd8+ Kxd8 10. Bxe6 fxe6 11.
bxc3 Nc6 12. f4 g5 13. Nf3 gxf4 14. Bxf4 Bg7 15. O-O-O+ Kc7 16. Rhe1 h6 17. Nd4 Nxd4 18. cxd4 Rad8 19. Kc2 Rd5 20. Kd3 Rhd8 21. Ke4 Kb8 22. g4 Ra5 23. Rd2 Ra4 24. Be3 Rd5 25. Kf3 Ra3 26.
Kf2 Rda5 27. Ree2 Rd5 28. Rb2 a6 29. Rb3 Rxb3 30. axb3 Kc7 31. Kg3 b5 32. Kh4 Kd7 33. Kh5 Ke8 34. Kg6 Bf8 35. Rc2 a5 36. Rc8+ Rd8 37.
Rxd8+ Kxd8 38. Kf7 a4 39. bxa4 bxa4 40. Bc1 h5 41. g5 1-0

[Event "Late-Titled-Tuesday-Blitz-November-28-2023"]
[Site "Chess.com"]
[Date "2023.11.28"]
[Round "5"]
[White "Chessbard1972"]
[Black "cthake"]
[Result "1-0"]
[WhiteElo "2387"]
[BlackElo "1919"]
[TimeControl "180+1"]
[EndTime "14:51:29 PST"]
[Termination "Chessbard1972 won by resignation"]

1. d4 Nf6 2. c4 g6 3. Nf3 d5 4. cxd5 Nxd5 5. g3 Bg7 6. Bg2 O-O 7. O-O c6 8. e4 Nb6 9. h3 N8d7 10. Nc3 c5 11. d5 Ne5 12. Nxe5 Bxe5 13. Bh6 Bg7 14. Bxg7 Kxg7 15. b3 f6 16. Rc1 e5 17. Ne2 Qd6 18.
Qd2 Bd7 19. Rfd1 Rac8 20. a4 c4 21. a5 Na8 22. bxc4 b6 23. a6 Nc7 24. Qa2 Qc5 25.
Nc3 Ne8 26. Na4 Qa5 27. Nc3 Qc5 28. Nb5 Bxb5 29. cxb5 Qxc1 30. Rxc1 Rxc1+ 31. Kh2 Nd6 32. Qa3 1-0

[Event "Late-Titled-Tuesday-Blitz-November-28-2023"]
[Site "Chess.com"]
[Date "2023.11.28"]
[Round "5"]
[White "CSB7"]
[Black "Hypercar"]
[Result "1/2-1/2"]
[WhiteElo "2697"]
[BlackElo "2525"]
[TimeControl "180+1"]
[EndTime "14:51:34 PST"]
[Termination "Game drawn by repetition"]

1. c4 e6 2. g3 d5 3. Bg2 Nf6 4. Nf3 Be7 5. O-O dxc4 6. Qa4+ Bd7 7. Qxc4 Bc6 8. Rd1 O-O 9. Qc2 Nbd7 10. Nc3 a6 11. d4 b5 12. a3 Bb7 13. e4 h6 14.
b4 a5 15. Rb1 axb4 16. axb4 c6 17. h3 Nb6 18. Ne5 Nfd7 19. Be3 Qc8 20. Nxd7 Nxd7 21. Qe2 Nb6 22. Qg4 Kh8 23. Qh5 Nc4 24. Bxh6 gxh6 25.
Qxh6+ Kg8 26. e5 f5 27. Qg6+ Kh8 28. Qh6+ Kg8 29. Qg6+ Kh8 30. Qh6+ Kg8 1/2-1/2

[Event "Late-Titled-Tuesday-Blitz-November-28-2023"]
[Site "Chess.com"]
[Date "2023.11.28"]
[Round "5"]
[White "GMJustin"]
[Black "Actuary44"]
[Result "0-1"]
[WhiteElo "2319"]
[BlackElo "2465"]
[TimeControl "180+1"]
[EndTime "14:51:34 PST"]
[Termination "Actuary44 won on time"]

1. e4 b6 2. Nc3 Bb7 3. Nf3 e6 4. d4 Nf6 5. e5 Ne4 6. Nxe4 Bxe4 7. Be2 Be7 8. O-O O-O 9. Nd2 Bb7 10. Bf3 Qc8 11. Ne4 d5 12. exd6 cxd6 13. Bg5 f6 14. Bf4 e5 15. Bc1 d5 16. Nc3 e4 17. Be2 Nd7 18.
Bf4 f5 19. Qd2 h6 20. Nb5 g5 21. Bd6 Qd8 22. h4 a6 23. Bxe7 Qxe7 24. Nc3 f4 25.
hxg5 Qxg5 0-1

[Event "Late-Titled-Tuesday-Blitz-November-28-2023"]
[Site "Chess.com"]
[Date "2023.11.28"]
[Round "5"]
[White "ArtemDyachuk"]
[Black "PoXerStar"]
[Result "0-1"]
[WhiteElo "2547"]
[BlackElo "2410"]
[TimeControl "180+1"]
[EndTime "14:51:45 PST"]
[Termination "PoXerStar won by checkmate"]

1. d4 d5 2. c4 e6 3. Nc3 Nf6 4. cxd5 Nxd5 5. e4 Nxc3 6. bxc3 c5 7. Nf3 cxd4 8. cxd4 Bb4+ 9. Bd2 Bxd2+ 10. Qxd2 O-O 11. Bd3 b6 12. O-O Bb7 13. Qe3 h6 14. Rfd1 Nc6 15. Rac1 Qe7 16. Bb1 Rac8 17. h4 Na5 18. h5 Nc4 19.
Qe2 b5 20. Bd3 Na3 21. Qb2 b4 22. Rxc8 Rxc8 23. Rc1 Rxc1+ 24. Qxc1 Qd6 25. Qe3 f6 26. e5 fxe5 27. Nxe5 Qd5 28. Kh2 Qxg2# 0-1

[Event "Late-Titled-Tuesday-Blitz-November-28-2023"]
[Site "Chess.com"]
[Date "2023.11.28"]
[Round "5"]
[White "dianamirza"]
[Black "kikoveiga"]
[Result "0-1"]
[WhiteElo "2023"]
[BlackElo "2570"]
[TimeControl "180+1"]
[EndTime "14:51:50 PST"]
[Termination "kikoveiga won by checkmate"]

1. e4 g6 2. d4 Bg7 3. f4 d5 4. e5 c5 5. c3 f6 6. Nf3 Nc6 7. Bb5 Qb6 8. Bxc6+ bxc6 9. Qb3 Bf5 10. dxc5 Qxc5 11.
Qb7 Rd8 12. Nd4 fxe5 13. Qxc6+ Qxc6 14. Nxc6 Rc8 15. Nxe5 d4 16. Bd2 Nf6 17. cxd4 Rc2 18. Bc3 Rxg2 19. Nd2 O-O 20. Kf1 Bh3 21. Ke1 Nd5 22.
Ndf3 Rxf4 23. Ng5 Rxg5 24. Bd2 Bxe5 25. Bxf4 Bxf4 26. Ke2 Rg2+ 27. Kf3 Rxb2 28. Rhb1 Bg2+ 29. Kg4 h5+ 30. Kh4 Ne3 31. Rxb2 Nf5# 0-1

[Event "Late-Titled-Tuesday-Blitz-November-28-2023"]
[Site "Chess.com"]
[Date "2023.11.28"]
[Round "5"]
[White "KVAIDAN"]
[Black "Mariia89"]
[Result "1-0"]
[WhiteElo "2374"]
[BlackElo "2158"]
[TimeControl "180+1"]
[EndTime "14:51:58 PST"]
[Termination "KVAIDAN won on time"]

1. f4 c5 2. Nf3 Nc6 3. e3 g6 4. Be2 Bg7 5. O-O d5 6. d3 Nf6 7. Kh1 O-O 8. a4 Re8 9. Ne5 Qc7 10. Nxc6 Qxc6 11. Nc3 e5 12. e4 d4 13. Nb5 a6 14. fxe5 Nd7 15. Nd6 Nxe5 16. Nxe8 Qxe8 17. Bf4 Nc6 18. Bg4 h5 19. Bxc8 Rxc8 20. Qf3 Nb4 21. Rf2 Qe6 22. b3 Re8 23. Raf1 Re7 24.
Bg5 Rc7 25. Qg3 Rd7 26. Qb8+ Kh7 27. Rf6 Qg4 28. h4 Nxc2 29. Rxf7 Rxf7 30. Rxf7 Qd1+ 31.
Kh2 Qxd3 32. Qe5 1-0

[Event "Late-Titled-Tuesday-Blitz-November-28-2023"]
[Site "Chess.com"]
[Date "2023.11.28"]
[Round "5"]
[White "joppie2"]
[Black "Thormento16"]
[Result "1-0"]
[WhiteElo "2994"]
[BlackElo "2407"]
[TimeControl "180+1"]
[EndTime "14:52:02 PST"]
[Termination "joppie2 won by checkmate"]

1. e4 c5 2. Nf3 d6 3. Bb5+ Bd7 4.
Bxd7+ Nxd7 5. O-O Ngf6 6. Re1 a6 7. c3 e6 8. d4 Be7 9. e5 Nd5 10. exd6 Bxd6 11. c4 Nb4 12. a3 Nc6 13. d5 Nce5 14. Nc3 O-O 15. Ne4 Nxf3+ 16. Qxf3 Ne5 17. Qh3 exd5 18. Nxd6 Qxd6 19. Bf4 Rfe8 20. Qg3 f6 21. cxd5 Qxd5 22. Rad1 Qe6 23. h3 Rad8 24. Rxd8 Rxd8 25. Bxe5 fxe5 26. Rxe5 Qd6 27. Kh2 h6 28. f4 Rf8 29.
Qb3+ Kh8 30. Qe3 b6 31. h4 Qf6 32. g3 Rd8 33. h5 Qd6 34. Kh3 Qd1 35. Qe4 Qd7+ 36. Kh4 Qd1 37. Re7 Qd6 38. Re8+ Rxe8 39. Qxe8+ Kh7 40. Qe4+ Kg8 41. g4 Qd2 42. g5 hxg5+ 43.
fxg5 Qxb2 44. Qe8+ Kh7 45. g6+ Kh6 46. Qh8# 1-0

[Event "Late-Titled-Tuesday-Blitz-November-28-2023"]
[Site "Chess.com"]
[Date "2023.11.28"]
[Round "5"]
[White "IlyaGrigorjev"]
[Black "Goryachkina"]
[Result "0-1"]
[WhiteElo "2887"]
[BlackElo "2659"]
[TimeControl "180+1"]
[EndTime "14:52:03 PST"]
[Termination "Goryachkina won by resignation"]

1. e4 c5 2. Nf3 e6 3. c3 d5 4. e5 Nc6 5. d4 Nge7 6. dxc5 Ng6 7. b4 Ncxe5 8. Nxe5 Nxe5 9. Bf4 Ng6 10. Bg3 Be7 11. Bd3 O-O 12. O-O a5 13. a3 f5 14.
f4 axb4 15. cxb4 b6 16. cxb6 Bxb4 17. Bf2 Nxf4 18. Bb5 Ba5 19. Bc6 Rb8 20. Qa4 Qg5 21. g3 Ne2+ 22. Kg2 Bxb6 23. Qb5 Nf4+ 24. Kh1 Bc7 25.
gxf4 Qxf4 26. Bg3 Qe4+ 0-1